 Dungeon Crawl Stone Soup version 0.19.4-8-ga85b6b9 (console) character file.

60 Grinner the Ruffian (level 3, 0/28 HPs)
             Began as a Minotaur Transmuter on Feb 8, 2017.
             Succumbed to an adder's poison
             ... on level 2 of the Dungeon.
             The game lasted 00:02:24 (1323 turns).

Grinner the Ruffian (Minotaur Transmuter)           Turns: 1323, Time: 00:02:24

Health: 0/28       AC:  2    Str: 14    XL:     3   Next: 80%
Magic:  3/3        EV: 13    Int: 11    God:
Gold:   67         SH:  0    Dex: 12    Spells: 1 memorised, 3 levels left

rFire  . . .     SeeInvis .       - Unarmed
rCold  . . .     Gourm    .     b - +0 robe
rNeg   . . .     Faith    .     (no shield)
rPois  .         Spirit   .     (helmet restricted)
rElec  .         Reflect  .     (no cloak)
rCorr  .         Harm     .     (no gloves)
MR     .....                    (no boots)
Stlth  +.........               (no amulet)
                                (no ring)
                                (no ring)

@: lethally poisoned (0 -> -6), exhausted, slowed, very slow
A: retaliatory headbutt, horns 2, rugged brown scales 1, agile 1, deformed body,
low mp 1
a: no special abilities


You were on level 2 of the Dungeon.
You were very hungry.

You visited 1 branch of the dungeon, and saw 2 of its levels.

You collected 67 gold pieces.

Inventory:

Missiles
 a - 33 arrows
Armour
 b - a +0 robe (worn)
Scrolls
 e - a scroll of amnesia {unknown}
 h - a scroll of immolation {unknown}
Books
 c - a book of Changes

   Spells                             Type                      Level
   a - Beastly Appendage              Transmutation                1
   b - Sticks to Snakes               Transmutation                2
   c - Spider Form                    Transmutation/Poison         3
   d - Ice Form                       Ice/Transmutation            4
   e - Blade Hands                    Transmutation                5
Comestibles
 d - a bread ration


   Skills:
 - Level 1.2 Fighting
 + Level 3.1 Dodging
 * Level 4.3 Unarmed Combat
 - Level 1.3 Spellcasting
 + Level 2.0 Transmutations


You had 3 spell levels left.
You knew the following spells:

 Your Spells              Type           Power        Failure   Level  Hunger
z - Beastly Appendage     Tmut           #.....       17%         1    ##.....


Dungeon Overview and Level Annotations

Branches:
Dungeon (2/15)

Altars:


Innate Abilities, Weirdness & Mutations

You reflexively headbutt those who attack you in melee.
You have a pair of horns on your head.
You are partially covered in rugged brown scales. (AC +1, +3% HP)
You are agile. (Dex +2)
Armour fits poorly on your strangely shaped body.
Your magical capacity is low. (-10% MP)


Message History

* * * LOW HITPOINT WARNING * * *
You feel sick. The kobold completely misses you.
You hit the kobold.
You kill the kobold!
A red film seems to cover your vision as you go berserk!
You feel yourself moving faster!
You feel mighty!
* * * LOW HITPOINT WARNING * * *
You feel sick.
You feel a strong urge to attack something.
Found a leather armour.
You see here a kobold corpse.
* * * LOW HITPOINT WARNING * * *
You feel sick.
Found a scroll labeled GASCHO GAUG and 2 scrolls labeled NIR ICUNGEMA.
You feel your anger subside.
You see here a leather armour.
You are no longer berserk.
You are exhausted.
You feel yourself slow down.
You die...

#. #. ## .. .. ##.#.
.... ####..# ##
##..##.## ..#...[#@.#
#.#.†#?..?#
#.##†##..##
#..#(.####.
#..(.......
##.#####... #.# #
######+#.#
#........#############


There were no monsters in sight!

Vanquished Creatures
  2 adders (D:2)
  2 oozes
  A worm (D:2)
  2 dart slugs (D:1)
  2 bats (D:1)
  2 giant cockroaches
  4 goblins
  3 hobgoblins (D:1)
  A ball python (D:1)
  3 frilled lizards (D:1)
  2 kobolds
  5 rats (D:1)
29 creatures vanquished.

Notes
Turn   | Place    | Note
-------+----------+-------------------------------------------
     0 | D:1      | Grinner the Minotaur Transmuter began the quest for the Orb.
     0 | D:1      | Reached XP level 1. HP: 16/16 MP: 1/1
   203 | D:1      | Reached XP level 2. HP: 11/23 MP: 3/3
   951 | D:2      | Reached XP level 3. HP: 24/28 MP: 4/4
   956 | D:2      | Reached skill level 4 in Unarmed Combat
  1003 | D:2      | Gained mutation: You are agile. (Dex +2) [potion of mutation]
  1003 | D:2      | Gained mutation: Armour fits poorly on your strangely shaped body. [potion of mutation]
  1003 | D:2      | Gained mutation: Your magical capacity is low. (-10% MP) [potion of mutation]
  1005 | D:2      | Gained mutation: You are partially covered in rugged brown scales. (AC +1, +3% HP) [potion of beneficial mutation]
  1318 | D:2      | HP: 2/42 [poisoned by an adder]
  1323 | D:2      | Succumbed to an adder's poison

Skill      XL: |  1  2  3 |
---------------+----------+-----
Unarmed Combat | 4 |  4.3
Dodging        | 3 |  3.1
Transmutations | 2 |  2.0
Fighting       | |  1.2
Spellcasting   | |  1.3

Action                   || total
-------------------------++-------
Melee: Unarmed           ||    94
       Headbutt          ||    10
       Punch             ||     1
       Kick              ||     6
 Cast: Beastly Appendage ||     1
  Use: Potion            ||     5
 Stab: Sleeping          ||     1
Armor: Robe              ||     9
Dodge: Dodged            ||    50
